 Dungeon Crawl Stone Soup version bcrawl-1.28 (webtiles) character file.

Game seed: 6544827483438582534

107252 LostNumber the Sneak (level 3, 0/27 HPs)
             Began as a Demonspawn Archaeologist on Nov 17, 2020.
             Killed from afar by a crimson imp (12 damage)
             ... with a flame tongue
             ... on level 2 of the Dungeon.
             The game lasted 00:02:41 (1763 turns).

LostNumber the Sneak (Demonspawn Archaeologist)     Turns: 1763, Time: 00:02:41

Health: 0/27       AC:  6    Str: 12    XL:     3   Next: 66%
Magic:  3/3        EV: 12    Int: 15    God:
Gold:   208        SH:  0    Dex: 11    Spells: 2/2 levels left

rFire    . . .     SeeInvis .   h - +0 hand axe (curse)
rCold    . . .     Gourm    .   (no shield)
rNeg     . . .     Faith    .   b - +1 robe
rPois    .         Spirit   .   c - +1 hat
rElec    .         Reflect  .   (no cloak)
rCorr    .         Harm     .   (no gloves)
MR       .....                  d - +1 pair of boots
Stlth    ++........             (no amulet)
HPRegen  0.09/turn              (no ring)
MPRegen  0.08/turn              (no ring)

@: drained
A: horns 1
a: no special abilities


You were on level 2 of the Dungeon.
You were hungry.

You visited 1 branch of the dungeon, and saw 3 of its levels.

You collected 208 gold pieces.

Inventory:

Hand Weapons
 a - a +0 whip
 h - a cursed +0 hand axe (weapon)
   (You found it on level 1 of the Dungeon)
 i - a +1 dagger of draining
   (You took it off a goblin on level 1 of the Dungeon)
Armour
 b - a +1 robe (worn)
 c - a +1 hat (worn)
 d - a +1 pair of boots (worn)
Scrolls
 g - 2 scrolls of magic mapping
 k - 2 scrolls of identify {@r1}
 l - 2 scrolls of remove curse {unknown}
 q - 2 scrolls of teleportation {unknown}
 r - a scroll of immolation {unknown}
Potions
 j - 2 potions of curing {unknown}
 m - a potion of berserk rage {unknown}
 n - a potion of flight {unknown}
 p - a potion of heal wounds {unknown}
Miscellaneous
 f - a dusty tome
Comestibles
 e - 3 rations {!d!d}


   Skills:
 + Level 1.8(1.2) Fighting
 * Level 1.6(1.2) Axes
 - Level 0.8(0.7) Maces & Flails
 + Level 3.0(2.4) Dodging
 + Level 3.4(2.7) Stealth


You had 2 spell levels left.
You didn't know any spells.
Your spell library was empty.

Dungeon Overview and Level Annotations

Branches:
Dungeon (3/12)

Altars:
Cheibriados
Makhleb


Innate Abilities, Weirdness & Mutations

You have a pair of small horns on your head.


Message History

You closely miss the crimson imp.
The crimson imp picks up a beetle and eats it.
The crimson imp closely misses you.
You barely miss the crimson imp. The crimson imp barely misses you.
You hit the crimson imp. The crimson imp barely misses you.
You closely miss the crimson imp. The crimson imp hits you.
The crimson imp breathes fire at you. The flame tongue hits you.
You closely miss the crimson imp. Your headbutt misses the crimson imp.
The crimson imp hits you but does no damage.
You hit the crimson imp but do no damage.
The crimson imp hits you but does no damage.
You closely miss the crimson imp.
The crimson imp hits you but does no damage.
You closely miss the crimson imp. Your headbutt misses the crimson imp.
The crimson imp hits you but does no damage.
You hit the crimson imp but do no damage.
The crimson imp closely misses you. The crimson imp hits you.
* * * LOW HITPOINT WARNING * * *
The crimson imp hits you but does no damage.
There is a stone staircase leading up here.
The crimson imp hits you.
* * * LOW HITPOINT WARNING * * *
You climb upwards.
There is a stone staircase leading down here.
You miss the crimson imp.
The crimson imp hits you but does no damage.
You miss the crimson imp. The crimson imp closely misses you.
You hit the crimson imp.
The crimson imp hits you but does no damage.
The crimson imp barely misses you.
You hit the crimson imp but do no damage.
The crimson imp laughs crazily.
The crimson imp barely misses you.
You closely miss the crimson imp. The crimson imp barely misses you.
You hit the crimson imp.
The crimson imp hits you but does no damage.
You barely miss the crimson imp.
You headbutt the crimson imp, but do no damage.
The crimson imp hits you but does no damage.
The crimson imp barely misses you.
You completely miss the crimson imp. The crimson imp barely misses you.
You hit the crimson imp. The crimson imp misses you.
You closely miss the crimson imp. The crimson imp hits you.
* * * LOW HITPOINT WARNING * * *
You barely miss the crimson imp.
The crimson imp hits you but does no damage.
The crimson imp breathes fire at you. The flame tongue hits you!
You die...

)###≈≈≈§≈#≈# #.#.#
.###§..§§#§# #.#.#
.##⌠≈...≈#≈## #.#.#
.###≈._..'..# #.#.#
..#⌠≈...≈#§.# ####.#.#####
..##≈...≈#§§#######..........#
..##≈≈≈≈≈#≈.........########.#
..###⌠#⌠##≈....5.#### #.#
..#######≈§#####@# #.#
...........# #.# #.#
#####..###.# #.# #.# #####..#
#.# ###.### #.# .....>.# #.#
#.....# #.# #####.##
#.###.....#########.# #.#
#...................# #.#
#####.....###########
#.########.....#


You could see a crimson imp.

Vanquished Creatures
  An adder (D:2)
  2 worms (D:2)
  2 dart slugs (D:2)
  2 leopard geckos
  An orc (D:2)
  2 ball pythons
  A giant cockroach (D:2)
  4 goblins (D:1)
  4 hobgoblins
  A quokka (D:2)
  3 bats
  2 frilled lizards
  4 kobolds
  6 rats
35 creatures vanquished.

Notes
Turn   | Place    | Note
-------+----------+-------------------------------------------
     0 | D:1      | LostNumber the Demonspawn Archaeologist began the quest for
                  | the Orb.
     0 | D:1      | Reached XP level 1. HP: 15/15 MP: 1/1
   518 | D:1      | Gained mutation: You have a pair of small horns on your
                  | head. [demonic ancestry]
   518 | D:1      | Reached XP level 2. HP: 21/21 MP: 2/2
   680 | D:1      | Reached skill level 1 in Axes
   984 | D:2      | Found a burning altar of Makhleb.
  1032 | D:2      | Reached XP level 3. HP: 26/26 MP: 3/3
  1190 | D:2      | Found a snail-covered altar of Cheibriados.
  1763 | D:2      | Killed from afar by a crimson imp

Skill      XL: |  1  2 |
---------------+-------+-----
Axes           | 1 |  1.6
Dodging        | 3 |  3.0
Fighting       | |  1.8
Maces & Flails | |  0.8
Stealth        | |  3.4

Action                   || total
-------------------------++-------
Melee: Hand axe          ||   146
       Whip              ||    10
       Headbutt          ||    19
 Stab: Sleeping          ||     5
  Eat: Chunk             ||     6
Armor: Robe              ||    50
Dodge: Dodged            ||    99
